AoeStats
← ruess21

MegaRandom

506828056Analyzed
1v1 RM · 17d ago on Sep 15, 2026· 32m 58s· 2 players
Game mode
Random Map
Map size
Tiny (2 player)
Population
200
Speed
Normal
Resources
Standard
Victory
Conquest
Starting age
Dark Age
Ending age
Imperial Age
RankedLock teamsTeams togetherTeam positionsShared explorationLock speedFull tech treeHidden civsTurbo modeCheats
Victory
Defeat
🇳🇱 Saracens · Netherlands
1150
+15
🇬🇷 Malay · Greece
1123
-15
ruess21
3:32 Loom
11:21 Feudal Age
13:32 Double-Bit Axe
21:16 Castle Age
23:59 Elite Skirmisher
29:16 Pikeman
32:20 Crossbowman
Kavi
8:35 Loom
11:26 Feudal Age
12:21 Double-Bit Axe
13:52 Fletching
13:54 Town Watch
17:02 Horse Collar
20:01 Wheelbarrow
20:32 Scale Barding Armor
25:41 Castle Age
23:54 Forging
23:59 Gold Mining
24:54 Bloodlines
25:28 Padded Archer Armor
26:58 Chain Barding Armor
27:13 Iron Casting
26:43 Husbandry
Connection lost

Rejoining the realm…

Still unreachable

The connection could not be restored.

Session expired

The server has moved on; the page needs a fresh start.